 Dungeon Crawl Stone Soup version 0.31-a0-200-gbc41564c69 (webtiles) character file.

Game seed: 17847611050908255966

38 qw the Shooter (level 3, -2/20 HPs)
             Began as a Deep Elf Hunter on June 25, 2023.
             Shot with a sling bullet by a kobold (3 damage)
             ... on level 2 of the Dungeon.
             The game lasted 00:00:16 (738 turns).

qw the Shooter (Deep Elf Hunter)                     Turns: 738, Time: 00:00:17

Health: -2/20      AC:  3    Str: 10    XL:     3   Next: 25%
Magic:  5/5        EV: 12    Int: 13    God:
Gold:   30         SH:  0    Dex: 18    Spells: 2/2 levels left

rFire   . . .        Y - +0 shortbow
rCold   . . .        (shield currently unavailable)
rNeg    . . .        c - +0 leather armour
rPois   .            (no helmet)
rElec   .            (no cloak)
rCorr   .            (no gloves)
SInv    .            (no boots)
Will    .....        (no amulet)
Stlth   ++           (no ring)
HPRegen 0.23/turn    (no ring)
MPRegen 0.09/turn

%: no passive effects
@: lethally poisoned (-2 -> -3)
A: no striking features
a: no special abilities


You were on level 2 of the Dungeon.
You visited 1 branch of the dungeon, and saw 2 of its levels.

You collected 30 gold pieces.


   Skills:
 - Level 1.5 Fighting
 + Level 6.8 Ranged Weapons
 - Level 2.4 Dodging
 - Level 1.2 Stealth


You had 2 spell levels left.
You didn't know any spells.
Your spell library was empty.

Inventory:

Hand Weapons
 Y - a +0 shortbow (weapon)
Armour
 c - a +0 leather armour (worn)
 d - a +0 cloak
Scrolls
 b - a scroll of noise {unknown}
Potions
 a - a potion of magic {unknown}
 e - a potion of ambrosia {unknown}
 f - a potion of haste {unknown}
 g - a potion of attraction {unknown}
 h - a potion of curing

Dungeon Overview and Level Annotations

Branches:
Dungeon (2/15)

Altars:


Message History

Things that are here:
a +4 short sword; a kobold corpse
Enter note: The adder hisses angrily.
Enter note: You shoot an arrow.
The arrow misses the adder.
You shoot an arrow. The arrow closely misses the adder.
You shoot an arrow. The arrow hits the adder!
The adder is severely wounded.
You shoot an arrow. The arrow hits the adder.
You kill the adder!
You have reached level 3!
Your experience leads to an increase in your attributes!
Increase (S)trength, (I)ntelligence, or (D)exterity?
You feel stronger. x2
Found a dagger.
You see here an adder corpse.
Enter note: An adder comes into view.
Enter note: You shoot an arrow.
The arrow hits the adder.
The adder is lightly wounded.
You shoot an arrow. The arrow closely misses the adder.
A kobold comes into view. It is wielding a +0 sling.
You shoot an arrow. The arrow misses the adder.
The kobold shouts!
The kobold shoots a sling bullet.
The sling bullet hits you.
You shoot an arrow. The arrow hits the adder!
The adder is severely wounded.
The adder bites you.
You are poisoned.
The adder poisons you!
You shoot an arrow. The arrow hits the adder.
You kill the adder!
You feel sick.
The kobold shoots a sling bullet.
The sling bullet hits you.
737 ||| FLEEEEING.
You feel sick.
The kobold shoots a sling bullet.
The sling bullet hits you.
738 ||| FLEEEEING.
You feel sick.
The kobold shoots a sling bullet.
The sling bullet hits you.
You die...

............ . ...........
# #. #............
#.#.##............#
..................+
..K............... .#
#................ .#
..........##...# #####.#
#.$...%..@.#...# #.....#
#........#.#.[.# #.....#
#........#.)...# #.....#
#........###..#####.....##
#.....)..# ##....##.......
.........# ####..........
....#.....................
....#.....................
.................


You could see a kobold.

Vanquished Creatures
  2 adders (D:2)
  A dart slug (D:1)
  An endoplasm (D:1)
  A giant cockroach (D:2)
  A goblin (D:1)
  2 hobgoblins
  A quokka (D:2)
  3 ball pythons (D:1)
  3 bats (D:1)
  A frilled lizard (D:1)
  2 kobolds
  2 rats (D:1)
20 creatures vanquished.

Notes
Turn   | Place    | Note
-------+----------+-------------------------------------------
     0 | D:1      | qw the Deep Elf Hunter began the quest for the Orb.
     0 | D:1      | Reached XP level 1. HP: 12/12 MP: 3/3
     0 | D:1      | 0 ||| qw: Version: 0.3-a-22-g0ed2b0b
     0 | D:1      | 0 ||| qw: Game counter: 5677
     0 | D:1      | 0 ||| qw: Melee chars always use a shield: true
     0 | D:1      | 0 ||| qw: God list: Okawaru
     0 | D:1      | 0 ||| qw: Allow faded altars: false
     0 | D:1      | 0 ||| qw: Do Orc after clearing Dungeon:15 true
     0 | D:1      | 0 ||| qw: Do second Lair branch before Depths: true
     0 | D:1      | 0 ||| qw: Lair rune preference: random
     0 | D:1      | 0 ||| qw: Goals: Normal
     0 | D:1      | 0 ||| PLANNING D:1-11
   224 | D:1      | Reached XP level 2. HP: 16/16 MP: 4/4
   278 | D:1      | Reached skill level 6 in Ranged Weapons
   339 | D:1      | Found a faded altar of an unknown god.
   634 | D:1      | 634 ||| READING 2 scrolls labelled BIHOVIE QIRUWK.
   635 | D:1      | 635 ||| READING 2 scrolls labelled IRRUJAUW ROCZAOKO.
   636 | D:1      | 636 ||| READING scroll labelled ORUARA RIECH.
   637 | D:1      | 637 ||| READING scroll labelled FORIRE QOACAG.
   638 | D:1      | 638 ||| DRINKING 2 brown potions.
   639 | D:1      | 639 ||| DROPPING scroll of fog.
   640 | D:1      | 640 ||| DROPPING scroll of butterflies.
   641 | D:1      | 641 ||| DROPPING scroll of vulnerability.
   729 | D:2      | Reached XP level 3. HP: 20/20 MP: 5/5
   737 | D:2      | 737 ||| FLEEEEING.
   737 | D:2      | HP: 2/20 [kobold/sling bullet (4)]
   738 | D:2      | 738 ||| FLEEEEING.
   738 | D:2      | Shot with a sling bullet by a kobold

Levels and vault maps discovered:
D:1:      nicolae_arrival_washed_ashore, layout_loops_ring,
          hellmonk_ecumenical_altar_inner_sanctum, hangedman_decor_growths
D:2:      layout_basic

Skill      XL: |  1  2 |
---------------+-------+-----
Ranged Weapons | 6 |  6.8
Fighting       | |  1.5
Dodging        | |  2.4
Stealth        | |  1.2

Action                     || total
---------------------------++-------
   Fire: Shortbow          ||    56
    Use: Scroll            ||     4
         Potion            ||     1
 Armour: Leather armour    ||     9
  Dodge: Dodged            ||    13

Table legend:
 A = Non-vault XP
 B = Vault XP
 C = Vault XP percentage of total XP
 D = Non-vault monster count
 E = Vault monster count
 F = Vault count percentage of total count
                 A         B        C        D         E       F
            +---------+---------+-------+---------+---------+-------
      Total |      55 |       0 |   0.0 |      20 |       0 |   0.0
            +---------+---------+-------+---------+---------+-------
        D:1 |      22 |       0 |   0.0 |      14 |       0 |   0.0
        D:2 |      33 |       0 |   0.0 |       6 |       0 |   0.0
            +---------+---------+-------+---------+---------+-------
